cohdb
Replays
Latest Replays
All Replays
Popular Replays
Top Player Replays
Match Explorer
How It Works
Community
CoH3 Stats
Reddit
Sign in to upload your games and track your stats! →
Sign in with Steam
Match 40301813
Unlisted
Match 40301813
Overview
Messages
Build Orders
End
Panzergrenadier Squad
Panzerpioneer Squad
Selects Panzerjäger Kommand Battlegroup
250 Light Carrier
Selects Mine Fields
Panzergrenadier Squad
Construct Light Support Kompanie
Selects Tank Busters
Fire Support Elements
Panzerjäger Mechanized Group
Combat Half-tracks
MG34 Team
Selects Defensive Positions
Construct Panzerarmee Kommand
Assault Grenadier Squad
Pak 38 Mechanized Group
2.5-tonne Medical Truck
Selects Crew Shock Tactics
Selects Anti-tank Overwatch
Armored Reserves
AI Takeover
Schorschl
DibbeTC
0
0
Comments
sign in to comment!
No comments posted yet!